 Dungeon Crawl Stone Soup version 0.29.1-1-gd02db6906a (webtiles) character file.

Game seed: 9699519884917095012

119 Ashen the Trooper (level 5, -3/32 (42) HPs)
             Began as a Formicid Abyssal Knight on Oct 15, 2022.
             Was a Priest of Lugonu.
             Slain by an orc
             ... wielding a +2 trident of venom
              (8 damage)
             ... on level 3 of the Dungeon.
             The game lasted 00:07:38 (2671 turns).

Ashen the Trooper (Formicid Abyssal Knight)         Turns: 2671, Time: 00:07:39

HP:   -3/32 (42)    AC: 11    Str: 14 (17) XL:     5   Next: 24%
MP:   7/7           EV:  4    Int:  9 (10) God:    Lugonu [***...]
Gold: 100           SH:  0    Dex: 13 (16) Spells: 4/4 levels left

rFire   . . .      SeeInvis +   a - +1 falchion
rCold   . . .      Faith    .   (no shield)
rNeg    . . .      Spirit   .   j - +0 plate armour
rPois   .          Reflect  .   (helmet unavailable)
rElec   .          Harm     .   (no cloak)
rCorr   .          Rampage  .   (no gloves)
Will    .....                   (no boots)
Stlth   ..........              (no amulet)
HPRegen 0.10/turn               (no ring)
MPRegen 0.10/turn               (no ring)

@: heavily drained
A: permanent stasis, dig shafts and tunnels, antennae 3, four strong arms
a: Dig, Shaft Self, Renounce Religion, Depart the Abyss, Bend Space, Banish


You were on level 3 of the Dungeon.
You worshipped Lugonu.
Lugonu was most pleased with you.
You visited 1 branch of the dungeon, and saw 4 of its levels.
You visited the Abyss 1 time.

You collected 100 gold pieces.

Inventory:

Hand Weapons
 a - a +1 falchion (weapon)
Armour
 j - a +0 plate armour (worn)
Scrolls
 b - a scroll of blinking {unknown}
 d - a scroll of fear {unknown}
 e - 5 scrolls of identify {unknown}
 i - a scroll of teleportation {unknown}
 m - a scroll of magic mapping {unknown}
Potions
 f - 2 potions of degeneration
 g - a potion of invisibility {unknown}
 h - a potion of brilliance {unknown}
 k - a potion of mutation {unknown}
 l - a potion of flight {unknown}
 n - a potion of haste {unknown}


   Skills:
 + Level 3.9 Fighting
 + Level 2.8 Long Blades
 + Level 3.0 Armour
 + Level 1.9 Dodging
 + Level 1.0 Stealth
 + Level 3.2 Invocations


You had 4 spell levels left.
You didn't know any spells.
Your spell library contained the following spells:

 Spells                   Type           Power      Damage    Failure   Level
 Slow                     Hex            0%         N/A       100%        1
 Static Discharge         Conj/Air       0%         3-3/arc   100%        2
 Confusing Touch          Hex            0%         N/A       100%        3
 Vampiric Draining        Necr           0%         2d6       100%        3
 Dispel Undead            Necr           0%         3d6       100%        4
 Sticky Flame             Conj/Fire      0%         2d3       100%        4


Dungeon Overview and Level Annotations

Branches:
Dungeon (4/15)
 Temple: D:4-7

Altars:


Innate Abilities, Weirdness & Mutations

You cannot be hasted, slowed, berserked, paralysed or teleported.
You can dig through walls and to a lower floor.
You have a pair of large antennae on your head. (SInv)
Your four strong arms can wield two-handed weapons with a shield.


Message History

You feel much better.
The orc priest hits you but does no damage.
You closely miss the orc priest.
The orc priest is heavily wounded.
The orc priest hits you but does no damage.
You hit the orc priest but do no damage.
The orc priest is heavily wounded.
The orc priest begins to cast a cantrip, but forgets the words!
The orc priest hits you with a +0 dagger.
You completely miss the orc priest.
The orc priest is heavily wounded.
The orc priest barely misses you.
You barely miss the orc priest.
The orc priest is heavily wounded.
The orc priest calls down the wrath of Beogh upon you.
Pain shoots through your body!
You completely miss the orc priest.
The orc priest is heavily wounded.
The orc priest mumbles some strange prayers to Beogh against you.
Beogh smites you!
Ouch! That really hurt!
* * * LOW HITPOINT WARNING * * *
You completely miss the orc priest.
The orc priest is heavily wounded.
The orc priest hits you but does no damage.
Unknown command.
You closely miss the orc priest.
The orc priest is heavily wounded.
The orc priest invokes the aid of Beogh against you.
You barely resist. You slash the orc priest!
You kill the orc priest!
Lugonu accepts your kill.
You feel your intelligence returning.
Your Stealth skill increases to level 1!
You have reached level 5!
You hit the orc.
The orc is lightly wounded.
The orc hits you with a +2 trident of venom!
You die...

♣..♣ ♣♣.♣♣ ♣..♣ ♣♣♣
♣.♣♣ ##..###.####.#####
.####..###.#.........#
#...........o.o######.#
..)..).......o.....##.#
################.#.##.#
#o##....# ##@###### ###


You could see an orc.

Vanquished Creatures
  An orc priest (D:3)
  Robin (D:3)
  A gnoll (D:3)
  An adder (D:2)
  A dart slug (D:3)
  2 orcs (D:3)
  4 ball pythons
  3 endoplasms
  4 giant cockroaches
  8 goblins
  5 hobgoblins
  3 jackals (D:1)
  4 kobolds
  2 quokkas
  2 bats (D:1)
  5 frilled lizards
  4 rats
51 creatures vanquished.

Notes
Turn   | Place    | Note
-------+----------+-------------------------------------------
     0 | Abyss:1  | Ashen the Formicid Abyssal Knight began the quest for the
                  | Orb.
     0 | Abyss:1  | Reached XP level 1. HP: 18/18 MP: 2/2
     1 | D:1      | Escaped the Abyss
    70 | D:1      | Reached skill level 1 in Dodging
   221 | D:1      | Reached XP level 2. HP: 23/24 MP: 3/3
   550 | D:1      | Reached XP level 3. HP: 18/29 MP: 4/4
   704 | D:1      | Found a faded altar of an unknown god.
  1901 | D:3      | Noticed Robin
  1908 | D:3      | Reached XP level 4. HP: 31/31 MP: 6/6
  1912 | D:3      | Reached *** piety under Lugonu
  1922 | D:3      | Killed Robin
  2670 | D:3      | Reached skill level 1 in Stealth
  2670 | D:3      | Reached XP level 5. HP: 5/32 MP: 7/7
  2671 | D:3      | Slain by an orc

Illustrated notes

Levels and vault maps discovered:
D:1:      wander_arrival_chamber, layout_loops_ring,
          shapermc_ecumenical_altar_mp_ritualfount, minmay_pentomino_x2
D:2:      layout_basic, corexii_corridor_pit
D:3:      kb_forest_paths, layout_basic, nicolae_overflow_ecumenical_swirl,
          uniq_robin
D:4:      layout_loops_corners, serial_shops, shop_statue

Skill      XL: |  1  2  3  4 |
---------------+-------------+-----
Dodging        | 1 |  1.9
Invocations    | 3 |  3.2
Armour         | 3 |  3.0
Stealth        | 1 |  1.0
Fighting       | |  3.9
Long Blades    | |  2.8

Action                   |  1- 3 |  4- 6 || total
-------------------------+-------+-------++-------
Melee: Falchion          |    94 |    81 ||   175
       Punch             |     1 |       ||     1
 Abil: Dig               |     1 |     3 ||     4
  Use: Potion            |       |     3 ||     3
Armor: Leather armour    |    15 |       ||    15
       Chain mail        |    16 |       ||    16
       Plate armour      |    12 |    39 ||    51
Dodge: Dodged            |    56 |    25 ||    81
